 Dungeon Crawl Stone Soup version 0.30-a0-172-gc5509c9e31 (webtiles) character file.

Game seed: 7294622330796531992

89027 trckry the Earth Mage (level 16, -3/109 (115) HPs)
             Began as a Formicid Earth Elementalist on Oct 2, 2022.
             Was an Elder of Qazlal.
             Slain by a white ugly thing (28 damage)
             ... on level 12 of the Dungeon.
             The game lasted 01:51:43 (31224 turns).

trckry the Earth Mage (FoEE)                       Turns: 31224, Time: 01:51:44

HP:   -3/109 (115)  AC:  8    Str: 15    XL:     16   Next: 42%
MP:   33/36         EV: 12    Int: 27    God:    Qazlal [****..]
Gold: 1687          SH: 11    Dex: 14    Spells: 15/29 levels left

rFire   . . .      SeeInvis +    k - staff of earth
rCold   . . .      Faith    .    z - +0 buckler
rNeg    . . .      Spirit   .    C - +2 robe {Will+}
rPois   .          Reflect  .    (helmet unavailable)
rElec   .          Harm     .    q - +0 cloak
rCorr   .          Rampage  .    P - +0 pair of gloves
Will    ++...                    J - +1 pair of boots {Stlth+}
Stlth   ++........               (no amulet)
HPRegen 0.38/turn                d - +6 ring of intelligence
MPRegen 0.25/turn                M - ring of magical power

@: drained, repel missiles
A: permanent stasis, dig shafts and tunnels, antennae 3, four strong arms
a: Dig, Shaft Self, Renounce Religion, Upheaval, Elemental Force


You were on level 12 of the Dungeon.
You worshipped Qazlal.
Qazlal was greatly pleased with you.
You visited 4 branches of the dungeon, and saw 20 of its levels.
You also visited: Sewer, Ossuary and Gauntlet.

You collected 1791 gold pieces.
You spent 104 gold pieces at shops.

Inventory:

Hand Weapons
 p - a +3 quarterstaff of protection
 r - a +1 whip of electrocution
 u - a +2 dagger of venom
 O - the +6 whip of the Key {spect, rElec}
   (You took it off an orc on level 5 of the Dungeon)

   When its wielder attacks, the weapon's spirit leaps out and strikes again.
   The spirit shares a part of any damage it takes with its wielder.
   rElec:     It insulates you from electricity.
 Y - the +11 dagger "Rummage" {vorpal, rElec rF+ Dex+7}
   (You found it in a Gauntlet)

   It inflicts extra damage upon your enemies.
   Dex:       It affects your dexterity (+7).
   rF:        It protects you from fire.
   rElec:     It insulates you from electricity.
Missiles
 l - 53 poisoned darts (quivered)
 L - a throwing net
Armour
 q - a +0 cloak (worn)
 z - a +0 buckler (worn)
 C - a +2 robe of willpower (worn)
 J - a +1 pair of boots of stealth (worn)
 P - a +0 pair of gloves (worn)
Magical Staves
 k - a staff of earth (weapon)
 X - a staff of conjuration
Jewellery
 d - a +6 ring of intelligence (left hand)
 t - a +4 ring of protection
 G - a +6 ring of intelligence
 M - a ring of magical power (right hand)
 U - a ring of protection from fire
Wands
 a - a wand of charming (42)
 A - a wand of digging (6)
 D - a wand of quicksilver (8)
 Q - a wand of mindburst (12)
 V - a wand of polymorph (12)
 Z - a wand of flame (21)
Scrolls
 i - 5 scrolls of fog
 m - 4 scrolls of immolation
 s - 4 scrolls of vulnerability
 w - a scroll of brand weapon
 x - 5 scrolls of magic mapping
 y - 4 scrolls of enchant armour
 E - 2 scrolls of amnesia
 F - 8 scrolls of enchant weapon
 R - 5 scrolls of fear
 S - 2 scrolls of torment
 T - 9 scrolls of identify
 W - 3 scrolls of poison
Potions
 b - 6 potions of magic
 c - 7 potions of heal wounds
 e - 7 potions of curing
 f - 7 potions of flight
 h - 3 potions of mutation
 j - 3 potions of resistance
 n - a potion of attraction {unknown}
 o - 3 potions of invisibility
 v - 7 potions of might
 B - 3 potions of cancellation
 H - 4 potions of brilliance
 K - 4 potions of lignification
 N - 4 potions of ambrosia
Miscellaneous
 g - a piece from Xom's chessboard (15/15)
 I - a phial of floods


   Skills:
 + Level 7.5 Fighting
 - Level 3.0 Dodging
 - Level 3.0 Stealth
 - Level 6.0 Shields
 + Level 7.3 Spellcasting
 * Level 13.1 Conjurations
 - Level 3.0 Transmutations
 + Level 12.6 Fire Magic
 + Level 15.7 Earth Magic
 + Level 12.8 Invocations
 - Level 6.0 Evocations


You had 15 spell levels left.
You knew the following spells:

 Your Spells              Type           Power      Damage    Failure   Level
a - Sandblast             Erth           100%       2d20      0%          1
b - Stone Arrow           Conj/Erth      100%       3d13      1%          3
c - Fireball              Conj/Fire      34%        3d14      1%          5
d - Lee's Rapid Deconstr  Erth           48%        3d24*     1%          5

Your spell library contained the following spells:

 Spells                   Type           Power      Damage    Failure   Level
 Foxfire                  Conj/Fire      100%       2x1d9     1%          1
 Momentum Strike          Conj/Tloc      90%        3d10      1%          2
 Passwall                 Tmut/Erth      61%        N/A       1%          2
 Scorch                   Fire           100%       2d10      1%          2
 Dazzling Flash           Conj/Hex       90%        N/A       1%          3
 Hailstorm                Conj/Ice       45%        3d10      1%          3
 Flame Wave               Conj/Fire      68%        2d15      1%          4
 Petrify                  Tmut/Erth      74%        N/A       1%          4
 Leda's Liquefaction      Hex/Erth       34%        N/A       2%          4
 Starburst                Conj/Fire      34%        6d10      5%          6
 Necrotise                Necr           36%        1d5       7%          1
 Slow                     Hex            36%        N/A       7%          1
 Cigotuvi's Dreadful Rot  Necr/Pois/Air  18%        N/A       10%         2
 Poisonous Vapours        Pois/Air       18%        N/A       10%         2
 Confusing Touch          Hex            9%         N/A       21%         3
 Frozen Ramparts          Ice            18%        1d3       21%         3
 Lesser Beckoning         Tloc           9%         N/A       21%         3
 Vampiric Draining        Necr           9%         2d6       21%         3
 Statue Form              Tmut/Erth      49%        N/A       22%         6
 Ice Form                 Ice/Tmut       18%        N/A       34%         4
 Summon Ice Beast         Ice/Summ       9%         N/A       54%         4
 Agony                    Necr           9%         N/A       88%         5
 Silence                  Hex/Air        4%         N/A       88%         5
 Simulacrum               Ice/Necr       4%         N/A       100%        6
 Summon Cactus Giant      Summ           4%         N/A       100%        6
 Blink                    Tloc           Unusable   N/A       N/A         2

Dungeon Overview and Level Annotations

Branches:
Dungeon (12/15) Zot: 25045  Temple (1/1) D:5 Zot: 5922    Lair (5/5) D:9 Zot: 19740
 Shoals (0/4) Lair:2        Snake (0/4) Lair:3        Slime (0/5) Lair:5
    Orc (2/2) D:10 Zot: 9200     Elf (0/3) Orc:2         Sewer (visited)
Ossuary (visited)         Gauntlet (visited)

Altars:
Ashenzari
Cheibriados
Dithmenos
Elyvilon
Fedhas
Gozag
Hepliaklqana
Kikubaaqudgha
Makhleb
Nemelex Xobeh
Okawaru
Qazlal
Ru
Sif Muna
Trog
Uskayaw
Vehumet
Wu Jian
Xom
Yredelemnul
Zin
The Shining One
Jiyva

Shops:
D:5 [   D:8 ?   Orc:2 ((*[[

Annotations:
Lair:2 2 transporters, SigmundSlayer's ghost, journeyman DgCj
Lair:4 3 runed translucent doors, scionoferis's ghost, journeyman KoHu


Innate Abilities, Weirdness & Mutations

You cannot be hasted, slowed, berserked, paralysed or teleported.
You can dig through walls and to a lower floor.
You have a pair of large antennae on your head. (SInv)
Your four strong arms can wield two-handed weapons with a shield.


Message History

The six-headed hydra bites you!
The six-headed hydra closely misses you.
The six-headed hydra bites you!
The six-headed hydra bites you but does no damage.
The six-headed hydra barely misses you. The six-headed hydra bites you!
There is a stone staircase leading up, spattered with blood here.
You take 40 damage, and have 75/115 hp.
MASSIVE DAMAGE!!
Casting: Lee's Rapid Deconstruction (mildly dangerous; 1% risk of failure)
Confirm with . or Enter, or press ? or * to list all spells.
Okay, then.
Unknown command.
You extend your mandibles.
You dig through the rock wall.
You feel drained.
The white ugly thing attacks as you move away!
The white ugly thing tentacle-slaps you!
The white ugly thing freezes you!!
A death knight comes into view. It is wielding a +0 broad axe.
The death knight shouts!
A tengu warrior comes into view.
It is wielding a +3 battleaxe and quivering poisoned darts.
A red ugly thing comes into view.
You take 33 damage, and have 42/112 hp.
MASSIVE DAMAGE!!
You dig through the rock wall.
You feel drained.
The white ugly thing is engulfed in freezing vapours.
Casting: Lee's Rapid Deconstruction (mildly dangerous; 1% risk of failure)
Confirm with . or Enter, or press ? or * to list all spells.
Aiming: Stone Arrow (safe; 1% risk of failure)
Press: ? - help, Shift-Dir - straight line, f - white ugly thing
Aim: a white ugly thing (lightly wounded, 78% to hit)
You feel a surge of power!
The stone arrow misses the white ugly thing.
You hear a shout!
The white ugly thing tentacle-slaps you!
The white ugly thing freezes you!
* * * LOW HITPOINT WARNING * * *
You take 25 damage, and have 18/109 hp.
MASSIVE DAMAGE!!
You now have 33/36 mp.
You feel much better.
The white ugly thing tentacle-slaps you.
* * * LOW HITPOINT WARNING * * *
The white ugly thing freezes you!!
You die...

#.# #.# . ####.###
#.##......# #...
..........# .###.#....
#.......# ..#.#.... #
#....°D.# #.#.#.#..>#
#...###Wu#### #.#.....#.##
..:...)?#@##.............#
###.###†####..#.#.#.# #..#
.W..........#.###...
.{{{.......#........#
u......J.........##.>#
..({p...J.....<...##..#
#......)##.##......##...
##..###.# .##...........
.....#.###..#


You could see a six-headed hydra, a white ugly thing and a wraith.

Vanquished Creatures
  Kirke (D:11)
  Nessos (Lair:3)
  A dire elephant (Gauntlet)
  A minotaur (Gauntlet)
  An entropy weaver (Gauntlet)
  Josephine (Lair:5)
  Erolcha (D:11)
  4 boulder beetles
  4 hydras
  A merfolk avatar (Lair:5)
  2 centaur warriors (D:12)
  2 two-headed ogres
  A tengu warrior (D:8)
  Erica (D:8)
  10 death yaks
  3 orc high priests (Orc:2)
  4 sixfirhies (Gauntlet)
  A skeletal warrior (D:11)
  A sea snake (Lair:4)
  6 orc knights
  Pikel (D:4)
  A lindwurm (Lair:5)
  2 harpies (Lair:5)
  4 orc sorcerers
  2 necromancers
  2 deep elf pyromancers (D:12)
  3 ugly things (D:12)
  A cyclops (D:12)
  2 oklob plants (Lair:5)
  5 manticores
  8 elephants
  A merfolk siren (Lair:2)
  Joseph (D:7)
  5 centaur zombies (D:11)
  2 torpor snails
  2 black mambas
  11 centaur skeletons (D:11)
  A gargoyle (D:12)
  17 cane toads
  3 kobold demonologists
  2 rime drakes (Lair:5)
  An efreet (D:12)
  Psyche (D:8)
  An unseen horror (D:10)
  11 komodo dragons
  3 trolls
  2 hornets
  Grinder (D:5)
  A wind drake (Lair:5)
  4 polar bears
  3 slime creatures (D:12)
  14 blink frogs
  The ghost of gnomenasai the Magician, an amateur DjFE (D:5)
  10 dream sheep
  4 flying skulls (D:11)
  Sigmund (D:2)
  A meliai zombie (D:11)
  6 shadows
  10 wraiths
  9 wyverns
  58 yaks
  A vampire (D:12)
  4 hogs (D:11)
  3 basilisks
  4 vampire mosquitoes
  Grum (D:10)
  A redback (Gauntlet)
  3 wargs
  Menkaure (D:7)
  3 nagas (Lair:3)
  2 acid dragons (D:12)
  19 water moccasins
  2 swamp worms (Gauntlet)
  21 orc warriors
  A black bear (D:5)
  An ice beast (D:6)
  Pargi (Sewer)
  16 wolves
  An ogre (D:8)
  5 centaurs
  A phantom (D:5)
  4 kobold brigands
  2 gnoll sergeants
  17 bullfrogs
  5 scorpions
  8 wights
  4 killer bees (D:8)
  3 howler monkeys
  5 electric eels
  2 jellies
  Crazy Yiuf (D:2)
  14 orc priests
  5 hounds
  A human zombie (Ossuary)
  2 iguanas (D:7)
  21 orc wizards
  A boggart zombie (D:11)
  A boggart skeleton (D:11)
  3 mummies (Ossuary)
  6 gnolls
  12 adders
  A howler monkey skeleton (D:11)
  A shadow imp (D:6)
  2 white imps
  An ufetubus (D:5)
  2 adder zombies (Ossuary)
  2 dart slugs
  84 orcs
  8 ball pythons
  4 endoplasms
  6 giant cockroaches
  5 goblins
  9 hobgoblins
  5 jackals
  22 kobolds
  9 quokkas
  8 bats
  2 frilled lizards (D:2)
  2 goblin zombies (Ossuary)
  4 hobgoblin zombies (Ossuary)
  3 kobold zombies (Ossuary)
  An orc zombie (Ossuary)
  4 quokka zombies (Ossuary)
  11 rats
  A rat zombie (Ossuary)
670 creatures vanquished.

Vanquished Creatures (others)
  An orc wizard (Orc:2)
  27 fungi
  62 plants
90 creatures vanquished.

Grand Total: 760 creatures vanquished

Notes
Turn   | Place    | Note
-------+----------+-------------------------------------------
     0 | D:1      | trckry the Formicid Earth Elementalist began the quest for
                  | the Orb.
     0 | D:1      | Reached XP level 1. HP: 13/13 MP: 3/3
   117 | D:1      | Reached skill level 4 in Earth Magic
   160 | D:1      | Reached XP level 2. HP: 19/19 MP: 3/5
   797 | D:1      | Reached XP level 3. HP: 24/24 MP: 2/6
  1045 | D:1      | Reached skill level 5 in Earth Magic
  1440 | D:2      | Reached XP level 4. HP: 30/30 MP: 4/7
  1506 | D:2      | Reached skill level 6 in Earth Magic
  1560 | D:2      | Found a runed translucent door.
  1561 | D:2      | Noticed Crazy Yiuf
  1586 | D:2      | Noticed Sigmund
  1604 | D:2      | Learned a level 3 spell: Stone Arrow
  1758 | D:2      | Reached XP level 5. HP: 35/35 MP: 4/8
  2165 | D:2      | Killed Crazy Yiuf
  2166 | D:2      | Reached skill level 1 in Conjurations
  2251 | D:2      | Killed Sigmund
  2252 | D:2      | Reached skill level 7 in Earth Magic
  2252 | D:2      | Reached XP level 6. HP: 35/41 MP: 0/9
  2919 | D:3      | Reached XP level 7. HP: 46/46 MP: 5/10
  3493 | D:3      | Found a faded altar of an unknown god.
  3652 | D:4      | Noticed Pikel
  3657 | D:4      | Killed Pikel
  3658 | D:4      | Reached skill level 8 in Earth Magic
  3658 | D:4      | Reached XP level 8. HP: 52/52 MP: 2/13
  3893 | D:4      | Noticed a wyvern
  3899 | D:4      | Killed a wyvern
  3900 | D:4      | Reached skill level 9 in Earth Magic
  4227 | D:5      | Entered Level 5 of the Dungeon
  4236 | D:5      | Found a sand-covered staircase.
  4237 | D:5      | Found a staircase to the Ecumenical Temple.
  4257 | D:5      | Reached skill level 5 in Conjurations
  4286 | Temple   | Entered the Ecumenical Temple
  4305 | Temple   | Became a worshipper of Qazlal Stormbringer
  4373 | Ossuary  | Entered an ossuary
  4746 | D:5      | Found a runed translucent gate.
  4746 | D:5      | Identified the +9 plate armour of Tetuydal {rF+ Will+}
  4752 | D:5      | Reached skill level 5 in Spellcasting
  4752 | D:5      | Reached XP level 9. HP: 57/57 MP: 9/16
  4808 | D:5      | Reached * piety under Qazlal
  5007 | D:5      | Found Vehell's Antique Armour Shoppe.
  5068 | D:5      | Noticed Grinder
  5081 | D:5      | Killed Grinder
  5179 | D:5      | Found a runed translucent gate.
  5180 | D:5      | Found a runed translucent gate.
  5180 | D:5      | Noticed gnomenasai's ghost (amateur DjFE)
  5180 | D:5      | Identified the +6 whip of the Key {spect, rElec}
  5180 | D:5      | Identified the +1 leather armour of Jimes {rN+ Int+2}
  5237 | D:5      | Reached skill level 10 in Earth Magic
  5254 | D:5      | Killed gnomenasai's ghost
  5440 | D:6      | Reached skill level 1 in Shields
  5445 | D:6      | Reached skill level 1 in Invocations
  5571 | D:6      | Reached ** piety under Qazlal
  5756 | D:6      | Found a glowing drain.
  5760 | Sewer    | Entered a sewer
  5843 | Sewer    | Noticed Pargi
  5845 | Sewer    | Killed Pargi
  5846 | Sewer    | Reached XP level 10. HP: 63/63 MP: 19/19
  6466 | D:6      | Learned a level 5 spell: Fireball
  6494 | D:7      | Noticed Menkaure
  6498 | D:7      | Killed Menkaure
  6722 | D:7      | Reached skill level 1 in Fire Magic
  6726 | D:7      | Reached skill level 1 in Evocations
  6867 | D:7      | Identified the +1 robe of Ashenzari's Anger {Will+}
  7014 | D:7      | Noticed Joseph
  7027 | D:7      | Killed Joseph
  7028 | D:7      | Reached skill level 11 in Earth Magic
  7652 | D:8      | Reached *** piety under Qazlal
  8234 | D:8      | Found an opulent altar of Gozag.
  8239 | D:8      | Found a shimmering altar of Xom.
  8245 | D:8      | Found a sparkling altar of Nemelex Xobeh.
  8293 | D:8      | Noticed a tengu warrior
  8301 | D:8      | Killed a tengu warrior
  8302 | D:8      | Reached skill level 5 in Shields
  8302 | D:8      | Reached XP level 11. HP: 59/68 MP: 3/20
  8314 | D:8      | Reached skill level 5 in Invocations
  8477 | D:8      | Found Kolugocs's Magic Scroll Shop.
  8486 | D:8      | Bought a scroll of magic mapping for 82 gold pieces
  8486 | D:8      | Bought a scroll of identify for 22 gold pieces
  8526 | D:8      | Noticed Psyche
  8529 | D:8      | Killed Psyche
  8653 | D:8      | Found the +18 Lear's hauberk
  8664 | D:8      | Noticed Erica
  8664 | D:8      | Noticed a two-headed ogre
  8681 | D:8      | Killed a two-headed ogre
  8683 | D:8      | Killed Erica
  8900 | D:8      | Reached **** piety under Qazlal
  9448 | D:9      | Reached skill level 12 in Earth Magic
  9681 | D:9      | Reached skill level 5 in Evocations
  9864 | D:9      | Found a staircase to the Lair.
  9912 | D:9      | Reached skill level 5 in Fire Magic
 10144 | D:9      | Noticed a two-headed ogre
 10150 | D:9      | Killed a two-headed ogre
 10311 | D:9      | Reached XP level 12. HP: 74/74 MP: 21/21
 11007 | D:10     | Entered Level 10 of the Dungeon
 11163 | D:10     | Reached skill level 1 in Fighting
 11171 | D:10     | Reached ***** piety under Qazlal
 11248 | D:10     | Noticed Grum
 11299 | D:10     | Killed Grum
 11862 | D:10     | Found a staircase to the Orcish Mines.
 12155 | Orc:1    | Entered Level 1 of the Orcish Mines
 12765 | Orc:2    | Entered Level 2 of the Orcish Mines
 12765 | Orc:2    | Found Faigh's Armour Shoppe.
 12988 | Orc:2    | Found a staircase to the Elven Halls.
 13792 | Orc:2    | Noticed an orc high priest
 13967 | Orc:2    | Killed an orc high priest
 14477 | Orc:2    | Noticed an orc high priest
 14481 | Orc:2    | Killed an orc high priest
 14482 | Orc:2    | Reached XP level 13. HP: 88/88 MP: 21/22
 14674 | Orc:2    | Reached skill level 13 in Earth Magic
 14793 | Orc:2    | Found Niler's Antique Armour Shop.
 14793 | Orc:2    | Found Suibo's General Store.
 14795 | Orc:2    | Found Houduecw's Weapon Shop.
 14795 | Orc:2    | Found Kaidd's Weapon Emporium.
 14970 | Lair:1   | Entered Level 1 of the Lair of Beasts
 15112 | D:9      | Reached skill level 5 in Fighting
 15661 | Lair:1   | Noticed a six-headed hydra
 15665 | Lair:1   | Killed a six-headed hydra
 16015 | Lair:1   | Reached skill level 10 in Invocations
 16248 | Lair:1   | Reached skill level 10 in Conjurations
 17869 | Lair:2   | Found a bloodstained altar of Trog.
 17893 | Lair:2   | Noticed a six-headed hydra
 17900 | Lair:2   | Killed a six-headed hydra
 18001 | Lair:2   | Reached skill level 14 in Earth Magic
 18001 | Lair:2   | Reached XP level 14. HP: 100/100 MP: 22/23
 18165 | Lair:2   | Found a transporter.
 18169 | Lair:2   | Found a bloodstained altar of Trog.
 18170 | Lair:2   | Noticed SigmundSlayer's ghost (journeyman DgCj)
 18338 | Lair:2   | Found a transporter.
 18595 | Lair:2   | Found a staircase to the Shoals.
 19009 | Lair:3   | Found a gate leading to a gauntlet.
 19019 | Lair:3   | Noticed Nessos
 19031 | Lair:3   | Killed Nessos
 19059 | Gauntlet | Entered a Gauntlet
 19059 | Gauntlet | Found a transporter.
 19125 | Gauntlet | Found a transporter.
 19126 | Gauntlet | Found a transporter.
 19133 | Gauntlet | Found a runed translucent door.
 19136 | Gauntlet | Found a transporter.
 19137 | Gauntlet | Found a transporter.
 19138 | Gauntlet | Found a transporter.
 19146 | Gauntlet | Found a transporter.
 19149 | Gauntlet | Found a transporter.
 19150 | Gauntlet | Found a transporter.
 19158 | Gauntlet | Found a transporter.
 19161 | Gauntlet | Found a transporter.
 19162 | Gauntlet | Found a transporter.
 19164 | Gauntlet | Noticed a dire elephant
 19168 | Gauntlet | Found a runed translucent gate.
 19168 | Gauntlet | Found a runed translucent gate.
 19168 | Gauntlet | Found a runed translucent gate.
 19170 | Gauntlet | Found a transporter.
 19230 | Gauntlet | Found a transporter.
 19807 | Gauntlet | Killed a dire elephant
 19812 | Gauntlet | Identified the +11 dagger "Rummage" {vorpal, rElec rF+
                  | Dex+7}
 20044 | Gauntlet | Noticed a minotaur
 20053 | Gauntlet | Killed a minotaur
 20258 | Gauntlet | Identified a scroll of acquirement
 20258 | Gauntlet | Acquired a book of the Earth
 20495 | Lair:3   | Found a staircase to the Snake Pit.
 21449 | Lair:4   | Found a runed translucent gate.
 21449 | Lair:4   | Found a runed translucent gate.
 21449 | Lair:4   | Found a runed translucent gate.
 21450 | Lair:4   | Noticed an acid blob
 21450 | Lair:4   | Noticed an acid blob
 21450 | Lair:4   | Noticed an acid blob
 21451 | Lair:4   | Noticed an acid blob
 21451 | Lair:4   | Noticed an azure jelly
 21452 | Lair:4   | Noticed an azure jelly
 21452 | Lair:4   | Noticed scionoferis's ghost (journeyman KoHu)
 21452 | Lair:4   | Noticed an acid blob
 21453 | Lair:4   | Noticed an azure jelly
 21454 | Lair:4   | Noticed an azure jelly
 21455 | Lair:4   | Found a viscous altar of Jiyva.
 22300 | Lair:3   | Reached skill level 15 in Earth Magic
 22886 | Lair:5   | Entered Level 5 of the Lair of Beasts
 22892 | Lair:5   | Reached skill level 10 in Fire Magic
 23366 | Lair:4   | Reached XP level 15. HP: 25/105 MP: 13/24
 23789 | Lair:5   | Learned a level 5 spell: Lee's Rapid Deconstruction
 25552 | Lair:5   | Noticed Josephine
 25887 | Lair:5   | Found a viscous altar of Jiyva.
 25894 | Lair:5   | Found a staircase to the Slime Pits.
 26221 | Lair:5   | Killed Josephine
 28238 | D:11     | Reached XP level 16. HP: 113/113 MP: 26/26
 28242 | D:11     | Noticed Erolcha
 28252 | D:11     | Killed Erolcha
 29633 | D:12     | Noticed Kirke
 29940 | D:11     | Noticed a sphinx
 29942 | D:11     | Killed Kirke
 31224 | D:12     | Slain by a white ugly thing

Illustrated notes

Levels and vault maps discovered:
D:1:      dpeg_arrival_short_road, layout_basic
D:2:      layout_loops_ring, minmay_misc_feat_roman, minmay_close_crescents,
          uniq_crazy_yiuf_cottage, uniq_sigmund
D:3:      cheibrodos_thug_alley, layout_basic,
          shapermc_ecumenical_altar_hornbeckon, minmay_shallow_snake_nest
D:4:      layout_cave_pools, uniq_pikel
D:5:      layout_rooms, minmay_temple_entry_offerings, serial_shops,
          nicolae_stop_n_shop_2, nicolae_ossuary_entry_ruins,
          biasface_ghost_orc_armoury, uniq_grinder
D:6:      layout_basic, gup_sewer_entry_spiral, hangedman_decor_opposing,
          kennysheep_boxes
D:7:      layout_basic, uniq_menkaure, uniq_joseph
D:8:      layout_basic, minmay_overflow_temple_star_quad, serial_shops,
          nicolae_stop_n_shop_2, special_room [special_room_orc],
          hellmonk_guarded_unrand_lears, uniq_psyche, uniq_erica
D:9:      layout_stronghold, minmay_lair_entry_grove
D:10:     layout_cave_pools, orc_0_dummy, small_chamber_with_monster, uniq_grum
D:11:     hangedman_screamer, layout_irregular_city, uniq_erolcha
D:12:     minmay_the_grid_square_5x5_5x5_mashed
          [minmay_the_grid_square_5x5_two_small,
          minmay_the_grid_square_5x5_trominoes,
          minmay_the_grid_square_5x5_doubleslash,
          minmay_the_grid_square_5x5_empty,
          minmay_the_grid_square_5x5_inverted_slash,
          minmay_the_grid_square_5x5_moneybag,
          minmay_the_grid_square_5x5_prize_open,
          minmay_the_grid_square_5x5_hourglass,
          minmay_the_grid_square_5x5_prize_waves,
          minmay_the_grid_square_5x5_six_small,
          minmay_the_grid_square_5x5_tetrominoes,
          minmay_the_grid_square_5x5_dogpile,
          minmay_the_grid_square_5x5_prize_open,
          minmay_the_grid_square_5x5_inner_v,
          minmay_the_grid_square_5x5_broken_cross, minmay_the_grid_square_5x5_c,
          minmay_the_grid_square_5x5_prize_pseudospiral,
          minmay_the_grid_square_5x5_fancy_junction,
          minmay_the_grid_square_5x5_prize_junk,
          minmay_the_grid_square_5x5_eight, minmay_the_grid_square_5x5_v,
          minmay_the_grid_square_5x5_shrine1,
          minmay_the_grid_square_5x5_bracketed, minmay_the_grid_square_5x5_six,
          minmay_the_grid_square_5x5_plus], layout_basic, uniq_sonja, uniq_kirke
Temple:   compressed_dpeg_triangle_lava_temple
Lair:1:   layout_cave_pods, serial_bayou_shore_a
Lair:2:   layout_gridlike, elwin_shoals_entry_rooms,
          gammafunk_ghost_wrathful_warriors, lemuel_centaur_altar
Lair:3:   layout_cave_pods, guppyfry_snake_entry_garden, gauntlet_entry_generic,
          uniq_nessos
Lair:4:   layout_misc_corridors, gammafunk_ghost_ooze, grunt_megastairs_1
Lair:5:   gammafunk_lair_ancient_temple, layout_small_grid,
          minmay_slime_entry_oklob_enclosed, grunt_forest_small_clearing_treed,
          uniq_josephine
Orc:1:    layout_diamond_mine
Orc:2:    grunt_orc_tribal_feast, layout_diamond_mine, serial_shops,
          nicolae_square_shop, nicolae_orc_crystal_geode

Skill      XL: |  1  2  3  4  5  6  7  8  9 10 11 12 13 14 15 16 |
---------------+-------------------------------------------------+-----
Earth Magic    | 4 5 6 7 8 9 10 11 12 14 15 | 15.7
Conjurations   | 2 3 4 5 6 7 8 9 10 11 12 13 | 13.1
Spellcasting   | 3 5 6 7 |  7.3
Shields        | 3 5 6 |  6.0
Invocations    | 2 4 7 8 10 12 | 12.8
Dodging        | 3 |  3.0
Fire Magic     | 2 5 6 8 10 12 | 12.6
Evocations     | 3 5 6 |  6.0
Stealth        | 3 |  3.0
Fighting       | 4 6 7 |  7.5
Transmutations | 3 |  3.0

Action                   |  1- 3 |  4- 6 |  7- 9 | 10-12 | 13-15 | 16-18 || total
-------------------------+-------+-------+-------+-------+-------+-------++-------
Melee: Staff             |       |       |     1 |    12 |    56 |    18 ||    87
Throw: Dart              |       |       |       |     3 |     1 |       ||     4
 Cast: Sandblast         |    43 |    43 |   106 |   149 |    16 |     6 ||   363
       Stone Arrow       |       |     3 |    40 |   242 |   556 |    66 ||   907
       Fireball          |       |       |       |     2 |    27 |    32 ||    61
       Lee's Rapid Decon |       |       |       |       |       |    27 ||    27
Invok: Upheaval          |       |       |       |       |     7 |       ||     7
       Disaster Area     |       |       |       |       |     5 |       ||     5
 Abil: Dig               |       |       |       |     1 |     1 |     1 ||     3
Evoke: Wand              |       |       |       |     1 |     1 |       ||     2
  Use: Scroll            |       |       |       |    21 |     8 |       ||    29
       Potion            |       |       |       |       |       |     1 ||     1
Armor: Robe              |       |       |     4 |    25 |   113 |    13 ||   155
Dodge: Dodged            |     5 |     5 |    30 |    74 |   219 |    43 ||   376
       Repelled          |       |       |       |     2 |     2 |       ||     4
Block: Other             |       |       |     2 |       |       |       ||     2
       Buckler           |       |       |       |   103 |   269 |    56 ||   428

Table legend: (Time is in decaauts)
 A = Elapsed time spent in this place.
 B = Non-inter-level travel time spent in this place.
 C = Inter-level travel time spent in this place.
 D = Time resting spent in this place.
 E = Time spent auto-exploring this place.
 F = Levels seen in this place.
 G = Mean time per level.
                   A        B        C        D        E       F      G
               +--------+--------+--------+--------+--------+-----+--------+
         Total |  31570 |  30653 |    917 |   6798 |  17587 |  23 | 1372.6 |
       Dungeon |  16716 |  16217 |    499 |   3169 |   9709 |  12 | 1393.0 |
        Temple |     77 |     77 |      0 |      0 |      0 |   1 |   77.0 |
          Lair |  10259 |   9938 |    321 |   2223 |   6080 |   5 | 2051.8 |
  Orcish Mines |   2799 |   2702 |     97 |    663 |   1368 |   2 | 1399.5 |
         Sewer |    197 |    197 |      0 |     29 |     80 |   1 |  197.0 |
       Ossuary |    313 |    313 |      0 |    119 |     53 |   1 |  313.0 |
      Gauntlet |   1206 |   1206 |      0 |    595 |    297 |   1 | 1206.0 |
               +--------+--------+--------+--------+--------+-----+--------+

Top non-repeatable levels by time:
    D:11: 3257 daAuts
  Lair:4: 3184 daAuts
     D:9: 2759 daAuts
  Lair:5: 2266 daAuts
   Orc:2: 2021 daAuts
  Lair:2: 1833 daAuts
     D:8: 1647 daAuts
  Lair:3: 1513 daAuts
  Lair:1: 1462 daAuts
     D:2: 1300 daAuts
Gauntlet: 1206 daAuts
    D:10: 1175 daAuts
     D:7: 1163 daAuts
     D:1: 1157 daAuts
     D:3: 1116 daAuts
